AoeStats
← [Massa] Edo

Black Forest

506182065Analyzed
2v2 RM · 18d ago on Sep 12, 2026· 40m 20s· 4 players
Game mode
Random Map
Map size
Medium (4 player)
Population
200
Speed
Normal
Resources
Standard
Victory
Conquest
Starting age
Dark Age
Ending age
Imperial Age
RankedLock teamsTeams togetherTeam positionsShared explorationLock speedFull tech treeHidden civsTurbo modeCheats
Victory
Defeat
🇦🇷 Bohemians · Argentina
1460
+16
🇦🇷 Burgundians · Argentina
1460
+16
🇧🇷 Malay · Brazil
1491
-18
🇺🇸 Ethiopians · United States
1414
-14
Esteban
1:03 Loom
13:47 Feudal Age
17:25 Castle Age
15:20 Double-Bit Axe
15:18 Horse Collar
17:20 Fishing Lines
19:12 Bow Saw
19:33 Heavy Plow
21:17 Wheelbarrow
21:19 Town Watch
22:05 Fervor
23:03 Hand Cart
23:28 Town Patrol
28:13 Chemistry
29:56 Imperial Age
28:24 Masonry
28:25 Fortified Wall
28:11 Murder Holes
28:12 Fletching
28:44 Ballistics
28:18 Gillnets
28:50 Bodkin Arrow
29:46 Padded Archer Armor
30:15 Sanctity
30:41 Bracer
32:41 Two-Man Saw
32:27 Wagenburg Tactics
33:53 Architecture
33:29 Siege Engineers
33:45 Houfnice
34:42 Leather Archer Armor
35:09 Scale Mail Armor
34:46 Elite Hussite Wagon
36:42 Block Printing
38:07 Conscription
38:54 Redemption
Antoninus
0:50 Loom
5:20 Double-Bit Axe
12:20 Feudal Age
17:48 Castle Age
16:15 Bow Saw
16:26 Horse Collar
19:54 Two-Man Saw
21:22 Heavy Plow
23:28 Wheelbarrow
23:11 Gold Mining
23:58 Fishing Lines
24:58 Hand Cart
25:55 Town Watch
28:00 Gold Shaft Mining
27:18 Stone Mining
30:57 Imperial Age
28:50 Scale Barding Armor
30:01 Chain Barding Armor
30:05 Treadmill Crane
29:51 Cavalier
30:56 Fortified Wall
30:58 Masonry
31:35 Husbandry
32:49 Chemistry
32:41 Paladin
33:57 Plate Barding Armor
33:34 Forging
34:31 Crop Rotation
34:50 Ballistics
36:04 Conscription
37:23 Hoardings
39:23 Iron Casting
AKZosima
0:53 Loom
12:35 Feudal Age
13:50 Double-Bit Axe
16:27 Castle Age
15:27 Horse Collar
17:45 Bow Saw
20:51 Wheelbarrow
20:29 Town Watch
21:27 Heavy Plow
24:44 Hand Cart
27:18 Imperial Age
25:25 Gold Mining
25:44 Fishing Lines
26:48 Gold Shaft Mining
26:58 Town Patrol
27:05 Fletching
27:27 Stone Mining
28:59 Two-Man Saw
27:23 Crossbowman
28:01 Bodkin Arrow
29:17 Chemistry
29:12 Stone Shaft Mining
29:13 Thumb Ring
29:06 Arbalester
30:02 Padded Archer Armor
30:58 Bracer
31:04 Gillnets
33:29 Ballistics
33:42 Leather Archer Armor
34:44 Torsion Engines
35:04 Conscription
35:44 Siege Engineers
36:47 Ring Archer Armor
37:13 Elite Shotel Warrior
37:56 Scale Mail Armor
38:07 Forging
39:37 Chain Mail Armor
39:25 Squires
39:10 Arson
40:13 Iron Casting
39:51 Masonry
40:40 Royal Heirs
41:24 Plate Mail Armor
[Massa] Edo
1:45 Loom
10:03 Feudal Age
10:00 Double-Bit Axe
10:02 Man-at-Arms
11:59 Horse Collar
17:38 Wheelbarrow
20:00 Castle Age
18:51 Gold Mining
19:34 Forging
19:10 Arson
19:22 Stone Mining
20:42 Bow Saw
20:57 Fletching
22:52 Bodkin Arrow
26:42 Heavy Plow
27:19 Gold Shaft Mining
31:05 Imperial Age
29:21 Squires
30:32 Bracer
30:54 Conscription
32:07 Ballistics
34:13 Chemistry
33:45 Pikeman
33:45 Long Swordsman
36:55 Iron Casting
36:45 Treadmill Crane
37:55 Hand Cart
Connection lost

Rejoining the realm…

Still unreachable

The connection could not be restored.

Session expired

The server has moved on; the page needs a fresh start.